 Dungeon Crawl Stone Soup version 0.20-a0-1074-g6a0a8e1 (webtiles) character file.

53 JiminyCricket the Chopper (level 3, -1/33 HPs)
             Began as a Minotaur Berserker on Apr 29, 2017.
             Was a Believer of Trog.
             Succumbed to an adder's poison
             ... on level 2 of the Dungeon.
             The game lasted 00:03:19 (1528 turns).

JiminyCricket the Chopper (Minotaur Berserker)      Turns: 1528, Time: 00:03:20

Health: -1/33      AC:  2    Str: 22    XL:     3   Next: 64%
Magic:  2/2        EV: 11    Int:  4    God:    Trog [**....]
Gold:   31         SH:  2    Dex:  9    Spells: 2/2 levels left

rFire    . . .     SeeInvis .   a - +0 hand axe
rCold    + . .     Gourm    .   l - +0 buckler
rNeg     . . .     Faith    .   b - +0 animal skin
rPois    .         Spirit   .   (helmet restricted)
rElec    .         Reflect  .   (no cloak)
rCorr    .         Harm     .   (no gloves)
MR       .....                  (no boots)
Stlth    +.........             (no amulet)
Regen    0.2/turn               h - ring of protection from cold
MPRegen  0.1/turn               (no ring)

@: lethally poisoned (-1 -> -17), slowed, very slow
A: retaliatory headbutt, horns 2
a: Berserk, Trog's Hand, Burn Spellbooks, Renounce Religion


You were on level 2 of the Dungeon.
You worshipped Trog.
Trog was pleased with you.
You were hungry.

You visited 1 branch of the dungeon, and saw 2 of its levels.

You collected 31 gold pieces.

Inventory:

Hand Weapons
 a - a +0 hand axe (weapon)
Missiles
 d - 2 throwing nets (quivered)
Armour
 b - a +0 animal skin (worn)
 l - a +0 buckler (worn)
Jewellery
 h - a ring of protection from cold (left hand)
Scrolls
 e - 2 scrolls of fog {unknown}
 i - a scroll of magic mapping {unknown}
 k - a scroll of teleportation {unknown}
Potions
 g - a potion of lignification {unknown}
 j - a potion of flight {unknown}
 m - a potion of degeneration {unknown}
Comestibles
 c - a bread ration
 f - 2 chunks of flesh


   Skills:
 + Level 4.3 Fighting
 * Level 4.6 Axes
 + Level 3.2 Armour
 - Level 2.1 Dodging


You had 2 spell levels left.
You didn't know any spells.

Dungeon Overview and Level Annotations

Branches:
Dungeon (2/15)

Altars:


Innate Abilities, Weirdness & Mutations

You reflexively headbutt those who attack you in melee.
You have a pair of horns on your head.


Message History

You headbutt the adder!
You kill the adder!
Trog accepts your kill.
* * * LOW HITPOINT WARNING * * *
You feel sick.
You see here an adder corpse.
You are too berserk!
You feel a strong urge to attack something.
* * * LOW HITPOINT WARNING * * *
You feel sick.
* * * LOW HITPOINT WARNING * * *
You feel sick.
You feel your anger subside.
You are no longer berserk.
You are exhausted.
You feel yourself slow down.
* * * LOW HITPOINT WARNING * * *
You feel sick.
* * * LOW HITPOINT WARNING * * *
You feel sick.
You die...

#..........# #..........#
#....(.....# #.........=#
##### ...........# ##...#
##.......## ###..#..
#.........#########...###.
#...†....@..........### #>
#..(......######...## #.
#.........##.......### #.
#>...........#.>.....## #.
##.........##...####..###.
##.....##.#...## ##..##.
....######....## ##....
###### ##...## ###.. ...##
#.....# #..


There were no monsters in sight!

Vanquished Creatures
  2 adders (D:2)
  2 dart slugs (D:1)
  A leopard gecko (D:1)
  5 bats (D:1)
  2 giant cockroaches (D:1)
  A goblin (D:1)
  6 hobgoblins
  3 frilled lizards (D:1)
  3 kobolds (D:2)
  5 rats
30 creatures vanquished.

Notes
Turn   | Place    | Note
-------+----------+-------------------------------------------
     0 | D:1      | JiminyCricket the Minotaur Berserker began the quest for the Orb.
     0 | D:1      | Reached XP level 1. HP: 19/19 MP: 0/0
   280 | D:1      | Reached XP level 2. HP: 18/27 MP: 1/1
  1169 | D:1      | Reached XP level 3. HP: 31/33 MP: 2/2
  1290 | D:2      | Reached ** piety under Trog
  1527 | D:2      | HP: 1/33 [poisoned by an adder]
  1528 | D:2      | Succumbed to an adder's poison

Vault maps used:
D:1:      scummos_arrival_simple_crosswalls, nrook_mini_vaults
D:2:      first_bread, uniq_sigmund

Skill      XL: |  1  2 |
---------------+-------+-----
Fighting       | 4 |  4.3
Axes           | 4 |  4.6
Armour         | 3 |  3.2
Dodging        | |  2.1

Action                   || total
-------------------------++-------
Melee: Hand axe          ||    69
       Headbutt          ||     3
Invok: Berserk           ||     1
  Eat: Chunk             ||     2
Armor: Animal skin       ||    10
Dodge: Dodged            ||    44
Block: Buckler           ||     2
